 Dungeon Sprint DCSS version 0.31-a0-1278-g11c5b68f87 (webtiles) character file.

Game seed: 1547155561133643160

102 bmb222 the Reanimator (level 4, -2/30 HPs)
             Began as a Mummy Necromancer on Dec 17, 2023.
             Slain by a water elemental (13 damage)
             ... in the Dungeon (Sprint III: "The Ten Rune Challenge").
             The game lasted 00:01:08 (770 turns).

bmb222 the Reanimator (Mummy Necromancer)            Turns: 770, Time: 00:01:08

Health: -2/30      AC:  2    Str: 11    XL:     4   Next: 50%
Magic:  12/12      EV: 12    Int: 16    God:
Gold:   33         SH:  0    Dex: 12    Spells: 7/15 levels left

rFire   x . .        c - +2 club (spect)
rCold   + . .        (no shield)
rNeg    + + +        a - +0 robe
rPois   ∞            (no helmet)
rElec   .            (no cloak)
rCorr   .            (no gloves)
SInv    .            (no boots)
Will    .....        (no amulet)
Stlth   ++           (no ring)
HPRegen 0.25/turn    (no ring)
MPRegen 0.13/turn

%: no teleportation, faith
@: engulfed
A: cold resistance 1, negative energy resistance 3, torment resistance 2, heat
vulnerability 1, in touch with death 1, no potions, faith
a: no special abilities


You were in the Dungeon.
You visited 1 branch You collected 33 gold pieces.

Inventory:

Hand Weapons
 c - a +2 spectral club (weapon)
Armour
 a - a +0 robe (worn)
Scrolls
 b - a scroll of blinking
 d - a scroll of immolation {unknown}
 e - a scroll of silence {unknown}
 f - a scroll of poison {unknown}
 g - a scroll of identify {unknown}


   Skills:
 + Level 0.2 Fighting
 + Level 2.3 Dodging
 + Level 2.4 Stealth
 + Level 6.1 Spellcasting
 + Level 8.2 Necromancy


You had 7 spell levels left.
You knew the following spells:

 Your Spells              Type           Power      Damage    Failure   Level
a - Necrotise             Necr           100%       1d9       1%          1
b - Vampiric Draining     Necr           46%        2d9       1%          3
c - Animate Dead          Necr           46%        N/A       4%          4

Your spell library contained the following spells:

 Spells                   Type           Power      Damage    Failure   Level
 Agony                    Necr           46%        N/A       13%         5


Dungeon Overview and Level Annotations

Branches:
Dungeon (1/1)

Altars:


Innate Abilities, Weirdness & Mutations

You are immune to poison.
Your flesh is cold resistant. (rC+)
You are immune to negative energy. (rN+++)
You are immune to unholy pain and torment.
You are vulnerable to heat. (rF-)
You are in touch with the powers of death.
You do not drink.
You have a special connection with the divine. (Faith)


Message History

Moving in this stuff is going to be slow.
You enter the shallow water.
Moving in this stuff is going to be slow.
You open the door.
Found 19 gold pieces and 2 bubbling purple potions.
There is an open door here.
You now have 26 gold pieces (gained 12).
d - a scroll labelled BUCUGI UZENI;
e - a scroll labelled HISAKA RUGH
Things that are here:
a bubbling purple potion; a bubbling purple potion; a pink potion
f - a scroll labelled CUVURU BEIRCHIT;
g - a scroll labelled ASOUNA UXOEXU
Things that are here:
a bubbling purple potion; a pink potion; a fizzy yellow potion You now have 33 gold pieces (gained 7).
Okay, then.
Things that are here:
a bubbling purple potion; a pink potion; a fizzy yellow potion
Okay, then.
Things that are here:
a bubbling purple potion; a bubbling purple potion; a pink potion
Okay, then.
There is an open door here.
You enter the shallow water.
Moving in this stuff is going to be slow.
You start waiting.
Done waiting.
Okay, then.
You open the door.
There is an open door to the Ecumenical Temple here.
The water elemental hits you!
Ouch! That really hurt!
The water elemental engulfs you in water!
You barely miss the water elemental.
Your +2 spectral club hits the water elemental.
The water elemental hits you. The water elemental closely misses you.
You hit the water elemental.
The water elemental is lightly damaged.
Your +2 spectral club hits the water elemental.
The water elemental hits you!
You die...

▓▓▓▓▓▓▓▓▓▓ ▓▓▓
#!.'.....♣♣ ♣.#
#!.#......♣ ♣♣.#
####......♣ ♣..#
...#....~♣♣♣♣♣.###+#+###
...#...~~..♣...#........
...#..~~~~♣♣.♣.'.⌠......
##'#..~≈≈~~~.♣.#@..####
...#.~~≈~~~....#.E.#
.[.#.~≈~~~.....#.(.#
...#.~~~.......#+###
####...........#
...............#
▓▓▓▓▓▓▓▓▓▓▓▓▓▓▓▓


You could see a water elemental and a friendly +2 spectral club.

Vanquished Creatures
  A scorpion (D)
  Jessica (D)
  A human (D)
  2 endoplasms (D)
  A rat (D)
6 creatures vanquished.

Notes
Turn   | Place    | Note
-------+----------+-------------------------------------------
     0 | D        | bmb222 the Mummy Necromancer began the quest for the Orb.
     0 | D        | Reached XP level 1. HP: 13/13 MP: 4/4
    76 | D        | Noticed Jessica
    78 | D        | Killed Jessica
    79 | D        | Reached skill level 6 in Necromancy
    79 | D        | Reached XP level 2. HP: 19/19 MP: 2/7
    79 | D        | Reached XP level 3. HP: 24/24 MP: 2/8
   345 | D        | Learned a level 3 spell: Vampiric Draining
   548 | D        | Noticed a scorpion
   554 | D        | Killed a scorpion
   555 | D        | Reached skill level 8 in Necromancy
   555 | D        | Reached XP level 4. HP: 30/30 MP: 6/12
   611 | D        | Learned a level 4 spell: Animate Dead
   616 | D        | Noticed a water elemental
   770 | D        | Slain by a water elemental

Illustrated notes

Levels and vault maps discovered:
D:        dungeon_sprint_mu [sprint_mu_entry_forest, sprint_mu_temple_rooms,
          sprint_mu_d1_spiders, sprint_mu_d2_genie, sprint_mu_d3_branching,
          sprint_mu_orc_legion, sprint_mu_elf_gauntlet, sprint_mu_hive_nellie,
          sprint_mu_lair_fedhas, sprint_mu_vaults_butterflies,
          sprint_mu_slime_circle, sprint_mu_shoals_kraken,
          sprint_mu_snake_twists, sprint_mu_blade_basic,
          sprint_mu_crypt_chambers, sprint_mu_tomb_spiral,
          sprint_mu_vestibule_basic, sprint_mu_gehenna_hellfire,
          sprint_mu_dis_giant, sprint_mu_tartarus_statrot,
          sprint_mu_cocytus_islands, sprint_mu_zot1]

Skill      XL: |  1  2  3 |
---------------+----------+-----
Spellcasting   | 4 6 |  6.1
Dodging        | 2 |  2.3
Stealth        | 2 |  2.4
Necromancy     | 6 8 |  8.2
Fighting       | |  0.2

Action                     |  1- 3 |  4- 6 || total
---------------------------+-------+-------++-------
  Melee: Unarmed           |     1 |       ||     1
         Club              |     3 |     2 ||     5
   Cast: Necrotise         |    18 |       ||    18
 Armour: Robe              |     4 |     3 ||     7
  Dodge: Dodged            |     2 |     1 ||     3

Table legend: (Time is in decaauts)
 A = Elapsed time spent in this place.
 B = Non-inter-level travel time spent in this place.
 C = Inter-level travel time spent in this place.
 D = Time resting spent in this place.
 E = Time spent auto-exploring this place.
 F = Levels seen in this place.
 G = Mean time per level.
                   A        B        C        D        E       F      G
               +--------+--------+--------+--------+--------+-----+--------+
         Total |    781 |    781 |      0 |    616 |     44 |   1 |  781.0 |
       Dungeon |    781 |    781 |      0 |    616 |     44 |   1 |  781.0 |
               +--------+--------+--------+--------+--------+-----+--------+

Top non-repeatable levels by time:
       D: 781 daAuts
